 Dungeon Crawl Stone Soup version 0.26-a0-812-g31a745ddcd (webtiles) character file.

Game seed: 14514530450091958882

4 vurker the Sneak (level 1, 0/13 HPs)
             Began as a Gnoll Enchanter on Nov 28, 2020.
             Slain by a bat (1 damage)
             ... on level 1 of the Dungeon.
             The game lasted 00:00:12 (114 turns).

vurker the Sneak (Gnoll Enchanter)                   Turns: 114, Time: 00:00:13

Health: 0/13       AC:  2    Str: 10    XL:     1   Next: 70%
Magic:  6/6        EV: 14    Int: 17    God:
Gold:   0          SH:  0    Dex: 15    Spells: 8/9 levels left

rFire    . . .     SeeInvis .   a - +1 dagger
rCold    . . .     Faith    .   (no shield)
rNeg     . . .     Spirit   .   b - +0 robe
rPois    .         Reflect  .   (no helmet)
rElec    .         Harm     .   (no cloak)
rCorr    .         Rampage  .   (no gloves)
MR       .....                  (no boots)
Stlth    +++.......             (no amulet)
HPRegen  0.04/turn              (no ring)
MPRegen  0.10/turn              (no ring)

@: no status effects
A: distributed training, fangs 1, strong nose
a: no special abilities


You were on level 1 of the Dungeon.
You visited 1 branch of the dungeon, and saw 1 of its levels.

Inventory:

Hand Weapons
 a - a +1 dagger (weapon)
Armour
 b - a +0 robe (worn)
Scrolls
 c - a scroll of remove curse {unknown}


   Skills:
 + Level 0.1 Fighting
 + Level 2.4 Short Blades
 + Level 0.1 Long Blades
 + Level 0.1 Axes
 + Level 0.1 Maces & Flails
 + Level 0.1 Polearms
 + Level 0.1 Staves
 + Level 0.1 Slings
 + Level 0.1 Bows
 + Level 0.1 Crossbows
 + Level 0.1 Throwing
 + Level 0.1 Armour
 + Level 4.4 Dodging
 + Level 5.9 Stealth
 + Level 0.1 Shields
 + Level 0.1 Unarmed Combat
 + Level 4.9 Spellcasting
 + Level 0.1 Conjurations
 + Level 5.3 Hexes
 + Level 0.1 Summonings
 + Level 0.1 Necromancy
 + Level 0.1 Translocations
 + Level 0.1 Transmutations
 + Level 0.1 Fire Magic
 + Level 0.1 Ice Magic
 + Level 0.1 Air Magic
 + Level 0.1 Earth Magic
 + Level 0.1 Poison Magic
 + Level 0.2 Invocations
 + Level 0.1 Evocations


You had 8 spell levels left.
You knew the following spells:

 Your Spells              Type           Power        Failure   Level
a - Corona                Hex            ###....      1%          1

Your spell library contained the following spells:

 Spells                   Type           Power        Failure   Level
 Confusing Touch          Hex            ###.....     4%          3
 Tukima's Dance           Hex            ###.....     4%          3
 Ensorcelled Hibernation  Hex/Ice        ##....       7%          2
 Dazzling Flash           Conj/Hex       ##....       14%         3


Dungeon Overview and Level Annotations

Branches:
Dungeon (1/15)

Altars:


Innate Abilities, Weirdness & Mutations

Your experience applies equally to all skills.
You have very sharp teeth.
Your uncanny sense of smell can sniff out nearby items.


Message History

No target in view!
No target in view!
No target in view!
No target in view!
No target in view!
No target in view!
No target in view!
c - a scroll labelled ELEACZAI RUMEG A dart slug comes into view.
A dart slug is nearby!
A dart slug is nearby!
A hobgoblin comes into view. It is wielding a +0 club.
A rat comes into view.
The hobgoblin shouts!
You hear an angry hiss.
A bat comes into view.
A frilled lizard comes into view.
You hit the dart slug. The dart slug barely misses you.
You hit the dart slug but do no damage. The hobgoblin barely misses you.
The dart slug bites you.
You hit the dart slug. The hobgoblin misses you.
You hit the dart slug but do no damage.
A giant cockroach comes into view.
The dart slug closely misses you.
You hit the dart slug. The hobgoblin hits you with a +0 club.
The dart slug misses you. The rat barely misses you.
You hit the dart slug. The hobgoblin hits you with a +0 club.
* * * LOW HITPOINT WARNING * * *
The rat misses you. The dart slug launches a dart at you.
The slug dart misses you.
You barely miss the rat. The rat closely misses you.
You hit the rat. The rat barely misses you.
You hit the rat.
You kill the rat!
You hit the frilled lizard but do no damage.
The frilled lizard closely misses you.
You barely miss the frilled lizard. You closely miss the frilled lizard.
The frilled lizard misses you.
You hit the frilled lizard. The frilled lizard bites you.
* * * LOW HITPOINT WARNING * * *
You hit the frilled lizard.
You kill the frilled lizard!
You hit the hobgoblin but do no damage. The hobgoblin hits you with a +0 club.
* * * LOW HITPOINT WARNING * * *
You hit the hobgoblin. The hobgoblin barely misses you.
You hit the hobgoblin.
You kill the hobgoblin!
The bat misses you.
You barely miss the bat. The bat barely misses you. The bat misses you.
You miss the bat. The bat hits you.
You die...

#.# ....#...........
#..########.......>.....
...#....##..............
.#.#.#......###.........
#.#.#.......###.........
.#.#.#.......(..........
#<#.#.......†...(.?###..
.#.#.#......####.#.# #
#.#.#.......# #@#.#
.#.#.#...#### #b#.#
#.#.#....# #w#.#####
.......... #B.......
........# #........ .#
......... ##........
......... #........


You could see a dart slug, a giant cockroach and a bat.

Vanquished Creatures
  2 hobgoblins (D:1)
  2 frilled lizards (D:1)
  A rat (D:1)
5 creatures vanquished.

Notes
Turn   | Place    | Note
-------+----------+-------------------------------------------
     0 | D:1      | vurker the Gnoll Enchanter began the quest for the Orb.
     0 | D:1      | Reached XP level 1. HP: 13/13 MP: 6/6
   114 | D:1      | Slain by a bat

Illustrated notes

Levels and vault maps discovered:
D:1:      lightli_arrival_chessboard, layout_rooms, chequers_garden,
          kennysheep_boxes

Action                   || total
-------------------------++-------
Melee: Dagger            ||    24
 Stab: Sleeping          ||     1
Dodge: Dodged            ||    18

Table legend: (Time is in decaauts)
 A = Elapsed time spent in this place.
 B = Non-inter-level travel time spent in this place.
 C = Inter-level travel time spent in this place.
 D = Time resting spent in this place.
 E = Time spent auto-exploring this place.
 F = Levels seen in this place.
 G = Mean time per level.
                   A        B        C        D        E       F      G
               +--------+--------+--------+--------+--------+-----+--------+
         Total |    111 |    111 |      0 |      0 |     70 |   1 |  111.0 |
       Dungeon |    111 |    111 |      0 |      0 |     70 |   1 |  111.0 |
               +--------+--------+--------+--------+--------+-----+--------+

Top non-repeatable levels by time:
     D:1: 111 daAuts
